 Dungeon Crawl Stone Soup version 0.26.1-2-gb8aa6d0cf2 (webtiles) character file.

Game seed: 12991359431295638282

782 Gadfly the Fanfare of Bloodshed (level 7, 0/52 HPs)
             Began as a Demonspawn Monk on Feb 8, 2021.
             Was a Believer of Makhleb.
             Slain by Harold
             ... wielding a +0 halberd
              (9 damage)
             ... on level 7 of the Dungeon.
             The game lasted 00:08:57 (8860 turns).

Gadfly the Fanfare of Bloodshed (Demonspawn Monk)   Turns: 8860, Time: 00:09:00

Health: 0/52       AC: 14    Str: 19      XL:     7   Next: 55%
Magic:  0/11       EV:  9    Int:  9 (11) God:    Makhleb [**....]
Gold:   268        SH:  0    Dex: 16      Spells: 6/6 levels left

rFire    . . .     SeeInvis .   a - +1 hand axe
rCold    + . .     Faith    .   (no shield)
rNeg     . . .     Spirit   +   l - +1 chain mail {rC+}
rPois    .         Reflect  .   p - +0 helmet
rElec    .         Harm     .   q - +1 cloak
rCorr    .         Rampage  .   (no gloves)
Will     .....                  j - +0 pair of boots
Stlth    ..........             (no amulet)
HPRegen  0.17/turn              r - +6 ring of strength
MPRegen  0.12/turn              (no ring)

@: marked, berserk cooldown, slowed, very slow
A: talons 2, magic shield
a: Renounce Religion, Minor Destruction


You were on level 7 of the Dungeon.
You worshipped Makhleb.
Makhleb was pleased with you.
You visited 2 branches of the dungeon, and saw 8 of its levels.

You collected 268 gold pieces.

Inventory:

Hand Weapons
 a - a +1 hand axe (weapon)
 e - a +4 spear
Armour
 j - a +0 pair of boots (worn)
 l - a +1 chain mail of cold resistance (worn)
 p - a +0 helmet (worn)
 q - a +1 cloak (worn)
 s - a +0 plate armour
Jewellery
 r - a +6 ring of strength (left hand)
Wands
 d - a wand of enslavement (7)
 k - a wand of polymorph (3)
 u - a wand of flame (17) (quivered)
Scrolls
 b - 5 scrolls of teleportation
 c - a scroll of blinking
 g - a scroll of identify
 n - 2 scrolls of magic mapping
 t - a scroll of remove curse
Potions
 h - 2 potions of haste
 i - 2 potions of curing
 m - 2 potions of ambrosia


   Skills:
 + Level 3.0 Fighting
 * Level 3.9 Axes
 * Level 3.8 Armour
 - Level 2.6 Dodging
 - Level 1.7 Stealth
 + Level 5.6 Invocations
 + Level 4.3 Evocations


You had 6 spell levels left.
You didn't know any spells.
Your spell library contained the following spells:

 Spells                   Type           Power        Failure   Level
 Confusing Touch          Hex            0%           100%        3
 Gell's Gravitas          Tloc           0%           100%        3
 Petrify                  Tmut/Erth      0%           100%        4
 Metabolic Englaciation   Hex/Ice        0%           100%        5
 Yara's Violent Unravell  Hex/Tmut       0%           100%        5


Dungeon Overview and Level Annotations

Branches:
Dungeon (7/15)             Temple (1/1) D:7

Altars:
Ashenzari
Dithmenos
Elyvilon
Fedhas
Gozag
Hepliaklqana
Kikubaaqudgha
Makhleb
Nemelex Xobeh
Okawaru
Qazlal
Ru
Sif Muna
Trog
Uskayaw
Vehumet
Xom
Yredelemnul
Zin
The Shining One

Shops:
D:5 *   D:6 =

Annotations:
D:6 1 runed translucent door
D:7 Harold


Innate Abilities, Weirdness & Mutations

You have razor-sharp toenails.
When hurt, damage is shared between your health and your magic reserves.


Message History

Aiming: Throw Flame
Press: ? - help, Shift-Dir - straight line, f/p - Harold
Aim: Harold, wielding a +0 halberd and wearing a +4 ring mail of positive energy (severely wounded, 16% to evade)
The puff of flame misses Harold.
Harold hits you but does no damage.
Unknown command.
Press: ? - help, Shift-Dir - straight line, f/p - Harold
Aim: Harold, wielding a +0 halberd and wearing a +4 ring mail of positive energy (severely wounded)
The puff of flame hits Harold but does no damage.
Harold is severely wounded.
Harold closely misses you.
Unknown command.
Okay, then.
There's nothing to close nearby.
Aiming: Throw Flame
Press: ? - help, Shift-Dir - straight line, f/p - Harold
Aim: Harold, wielding a +0 halberd and wearing a +4 ring mail of positive energy (severely wounded, 16% to evade)
The puff of flame hits Harold!
Harold is almost dead.
Harold hits you with a +0 halberd!
You die...

.......>.......#
........(......#
....#########.##
....#########.#
######........#
#........###
#.....(...(#
######..[^.#####
#.....@...#
#....@###.#
#.....# #
#.....# #.....#
#.....# #.....#
#.....# #.....#


You could see Harold.

Vanquished Creatures
  2 bullfrogs (D:6)
  A scorpion (D:6)
  4 wights
  A hound (D:4)
  An orc wizard (D:6)
  An orc priest (D:5)
  A bullfrog skeleton (D:6)
  An iguana (D:6)
  Natasha (thrice) (D:2)
  3 worker ants
  5 adders
  An ufetubus (D:6)
  An ooze (D:2)
  An adder zombie (D:5)
  2 worms (D:2)
  A dart slug (D:3)
  4 leopard geckos
  11 orcs
  5 giant cockroaches
  10 goblins
  3 hobgoblins
  4 jackals
  2 quokkas
  5 bats
  4 frilled lizards
  6 kobolds
  11 rats
94 creatures vanquished.

Notes
Turn   | Place    | Note
-------+----------+-------------------------------------------
     0 | D:1      | Gadfly the Demonspawn Monk began the quest for the Orb.
     0 | D:1      | Reached XP level 1. HP: 18/18 MP: 1/1
   218 | D:1      | Reached skill level 1 in Invocations
   218 | D:1      | Gained mutation: You have sharp toenails. [demonic
                  | ancestry]
   218 | D:1      | Reached XP level 2. HP: 11/24 MP: 2/2
   639 | D:1      | Reached skill level 1 in Evocations
   857 | D:1      | Reached skill level 1 in Armour
  1087 | D:2      | Gained mutation: When hurt, damage is shared between your
                  | health and your magic reserves. [demonic ancestry]
  1087 | D:2      | Reached XP level 3. HP: 29/29 MP: 4/4
  1439 | D:2      | Noticed Natasha
  1444 | D:2      | Reached skill level 2 in Invocations
  1449 | D:2      | Killed Natasha
  1450 | D:2      | Reached XP level 4. HP: 30/35 MP: 5/5
  1516 | D:2      | Found a radiant altar of Vehumet.
  1616 | D:2      | Noticed Natasha
  1622 | D:2      | Killed Natasha
  1804 | D:2      | Noticed Natasha
  1812 | D:2      | Killed Natasha
  1813 | D:2      | Reached skill level 3 in Invocations
  2165 | D:3      | Found a hazy altar of Hepliaklqana.
  2793 | D:3      | Reached XP level 5. HP: 41/41 MP: 7/7
  3745 | D:3      | HP: 2/41 [poisoned by an adder]
  5145 | D:5      | Entered Level 5 of the Dungeon
  5145 | D:5      | Found Vumoah's Elemental Accessories.
  5353 | D:5      | Gained mutation: You have razor-sharp toenails. [demonic
                  | ancestry]
  5353 | D:5      | Reached XP level 6. HP: 46/47 MP: 8/8
  5371 | D:5      | Reached skill level 4 in Invocations
  5700 | D:5      | Found a blossoming altar of Fedhas.
  5933 | D:5      | Found a shimmering blue altar of Sif Muna.
  6580 | D:6      | Found Vuejudel's Jewellery Shoppe.
  6748 | D:6      | Reached skill level 5 in Invocations
  6748 | D:6      | Reached XP level 7. HP: 18/52 MP: 7/10
  7183 | D:6      | Found a runed translucent door.
  8408 | D:7      | Found a staircase to the Ecumenical Temple.
  8478 | Temple   | Entered the Ecumenical Temple
  8584 | Temple   | Became a worshipper of Makhleb the Destroyer
  8584 | Temple   | Reached * piety under Makhleb
  8584 | Temple   | Reached ** piety under Makhleb
  8800 | D:7      | Noticed Harold
  8860 | D:7      | Slain by Harold

Illustrated notes

Levels and vault maps discovered:
D:1:      psy_arrival_statuary, layout_loops_ring
D:2:      layout_loops_ring, lemuel_crystal_altar, uniq_natasha
D:3:      layout_loops_corners, overflow_temple_1_default
D:4:      layout_layer_cave
D:5:      layout_basic, tgw_sif, kennysheep_mini, nicolae_elemental_shop
D:6:      layout_loops_ring, serial_shops, shop_statue, lightli_church_of_beogh
D:7:      layout_basic, minmay_temple_entry_statues_pillars, basic_altar,
          uniq_harold, uniq_duvessa
Temple:   lightli_temple_of_artemis

Skill      XL: |  1  2  3  4  5  6  7 |
---------------+----------------------+-----
Invocations    | 1 2 3 5 |  5.6
Evocations     | 1 2 3 4 |  4.3
Armour         | 1 2 3 |  3.8
Axes           | 3 |  3.9
Fighting       | |  3.0
Dodging        | |  2.6
Stealth        | |  1.7

Action                   |  1- 3 |  4- 6 |  7- 9 || total
-------------------------+-------+-------+-------++-------
Melee: Hand axe          |    97 |   260 |    90 ||   447
       Kick              |     9 |    10 |       ||    19
Invok: Minor Destruction |       |       |     1 ||     1
Evoke: Wand              |       |     2 |    14 ||    16
  Use: Scroll            |     3 |     9 |     1 ||    13
       Potion            |       |     4 |     4 ||     8
 Stab: Sleeping          |     2 |       |       ||     2
Armor: Robe              |     5 |       |       ||     5
       Chain mail        |    42 |   223 |    43 ||   308
Dodge: Dodged            |    37 |    99 |    33 ||   169
